[Event "Titled Tuesday Blitz August 15 Early 2023"]
[White "Martinez Alcantara, Jose Eduardo"]
[Black "Molina, Roberto Junio Brito"]
[WhiteFideId "3805662"]
[BlackFideId "2109450"]
[WhiteElo "3011"]
[BlackElo "2812"]
[Result "1-0"]
[Round "4"]
[TimeControl "180+1"]
[Date "2023.08.15"]
[WhiteClock "0:01:30"]
[BlackClock "0:00:11"]
[Board "11"]

1. e4 c6 2. d4 d5 3. e5 Bf5 4. h4 Qb6 5. Nc3 h6 6. g4 Bd7 7. h5 e6 8. Na4 Qa5+ 9. c3 Qc7 10. f4 b6 11. Nf3 c5 12. b3 Nc6 13. Kf2 Na5 14. Nb2 Ne7 15. Be3 Nec6 16. Rc1 Qb7 17. Be2 Be7 18. Rg1 cxd4 19. cxd4 Rc8 20. Nd3 Nb4 21. Rxc8+ Qxc8 22. Nxb4 Bxb4 23. Qb1 Nc6 24. Qb2 Be7 25. a3 Qb7 26. b4 Nb8 27. b5 f6 28. a4 O-O 29. exf6 Bxf6 30. Bd3 Be8 31. Bb1 Nd7 32. Qc2 Kf7 33. g5 hxg5 34. fxg5 Bd8 35. Bd2 Qc7 36. Qxc7 Bxc7 37. Bb4 Rh8 38. Bg6+ 1-0


[Site "https://www.chess.com"]

[Event "Titled Tuesday Blitz August 15 Early 2023"]
[White "Mekhitarian, Krikor Sevag"]
[Black "Bluebaum, Matthias"]
[WhiteFideId "2107660"]
[BlackFideId "24651516"]
[WhiteElo "2804"]
[BlackElo "3011"]
[Result "0-1"]
[Round "4"]
[TimeControl "180+1"]
[Date "2023.08.15"]
[WhiteClock "0:00:39"]
[BlackClock "0:02:00"]
[Board "12"]

1. Nf3 d5 2. c4 e6 3. d4 Nf6 4. cxd5 exd5 5. Nc3 Bb4 6. Bg5 h6 7. Bxf6 Qxf6 8. Qa4+ Nc6 9. e3 O-O 10. Be2 Be6 11. O-O a6 12. Rfc1 Bd6 13. Qd1 Ne7 14. Na4 b6 15. a3 g5 16. b4 Ng6 17. g3 h5 18. Nc5 bxc5 19. bxc5 Be7 20. Ne1 h4 21. Nd3 hxg3 22. hxg3 Kg7 23. Bg4 Rh8 24. Kg2 Rh6 25. Qe2 Rah8 26. Rh1 Bf5 27. Rxh6 Rxh6 28. Rh1 Rxh1 29. Kxh1 Bxd3 0-1


[Site "https://www.chess.com"]

[Event "Titled Tuesday Blitz August 15 Early 2023"]
[White "Flores, Diego"]
[Black "Drygalov, Sergey"]
[WhiteFideId "108049"]
[BlackFideId "24171743"]
[WhiteElo "2785"]
[BlackElo "3007"]
[Result "1-0"]
[Round "4"]
[TimeControl "180+1"]
[Date "2023.08.15"]
[WhiteClock "0:00:13"]
[BlackClock "0:00:20"]
[Board "13"]

1. d4 Nf6 2. c4 e6 3. Nc3 Bb4 4. e3 O-O 5. a3 Bxc3+ 6. bxc3 c5 7. Bd3 Nc6 8. Ne2 b6 9. O-O Ba6 10. e4 Ne8 11. Ng3 Na5 12. f4 cxd4 13. cxd4 Nb3 14. Qxb3 Rc8 15. f5 Qc7 16. Be3 Nf6 17. Rac1 Ng4 18. Bf4 e5 19. dxe5 Qc5+ 20. Kh1 Nf2+ 21. Rxf2 Qxf2 22. Nh5 Qh4 23. Qd1 b5 24. g3 Qe7 25. Nxg7 bxc4 26. f6 Qxa3 27. Nf5 Kh8 28. Bh6 Rg8 29. Bg7+ Rxg7 30. fxg7+ Kg8 31. Bf1 Bb7 32. Bg2 c3 33. Rc2 Qb4 34. Qe1 Rc4 35. h3 Rxe4 36. Qf2 Rxe5 37. Nh6+ Kxg7 38. Qxf7+ Kxh6 39. Qf6+ Kh5 40. Qxe5+ Kg6 41. Qxc3 Bxg2+ 42. Kxg2 Qe4+ 43. Kh2 d5 44. Rd2 h5 45. Rf2 h4 46. gxh4 Qxh4 47. Qg3+ Qxg3+ 48. Kxg3 a5 49. Rf4 a4 50. Rxa4 Kf5 51. Rd4 Ke5 52. Rd1 d4 53. h4 Ke4 54. h5 Ke3 55. h6 d3 56. h7 Ke2 57. Rxd3 Kxd3 58. h8=Q Ke3 59. Qe5+ Kd3 60. Kf2 Kc4 61. Qd6 Kb5 62. Ke3 Ka5 63. Kd2 Kb5 64. Kc3 Ka4 65. Qb8 Ka3 66. Qa7# 1-0


[Site "https://www.chess.com"]

[Event "Titled Tuesday Blitz August 15 Early 2023"]
[White "Tabatabaei, M. Amin"]
[Black "Petkov, Momchil"]
[WhiteFideId "12521213"]
[BlackFideId "2921642"]
[WhiteElo "3004"]
[BlackElo "2777"]
[Result "1-0"]
[Round "4"]
[TimeControl "180+1"]
[Date "2023.08.15"]
[WhiteClock "0:00:05"]
[BlackClock "0:00:02"]
[Board "14"]

1. e4 c5 2. Nf3 e6 3. c3 d5 4. exd5 exd5 5. d4 Nf6 6. Bb5+ Nc6 7. O-O Be7 8. dxc5 Bxc5 9. Nbd2 O-O 10. Nb3 Bb6 11. Bg5 h6 12. Bh4 g5 13. Bg3 Ne4 14. Nfd4 Bd7 15. Bd3 Qf6 16. Nxc6 Bxc6 17. Qh5 Rfe8 18. Kh1 Bd7 19. Rad1 Rad8 20. Nd4 a6 21. f4 Nxg3+ 22. hxg3 Re7 23. Nf3 gxf4 24. gxf4 Qxf4 25. g3 Qd6 26. Ng5 Be8 27. Nh7 f5 28. Qxf5 Rf7 29. Nf6+ Kf8 30. Qg6 Qe5 31. Rde1 Be3 32. Nxe8 Rd7 33. Nd6 Qe4+ 34. Bxe4 Rxf1+ 35. Rxf1+ Ke7 36. Rf7+ Kd8 37. Rxd7+ Kxd7 38. Bxd5 Kc7 39. Qe6 1-0


[Site "https://www.chess.com"]

[Event "Titled Tuesday Blitz August 15 Early 2023"]
[White "Sadhwani, Raunak"]
[Black "Wagner, Dennis"]
[WhiteFideId "35093487"]
[BlackFideId "24650684"]
[WhiteElo "2997"]
[BlackElo "2777"]
[Result "1-0"]
[Round "4"]
[TimeControl "180+1"]
[Date "2023.08.15"]
[WhiteClock "0:00:11"]
[BlackClock "0:00:02"]
[Board "15"]

1. e4 e5 2. Nf3 Nc6 3. Bc4 Nf6 4. d3 Bc5 5. Nc3 a6 6. a4 d6 7. O-O O-O 8. Be3 Bxe3 9. fxe3 Be6 10. b3 d5 11. exd5 Nxd5 12. Qd2 Re8 13. Ne4 h6 14. a5 Qe7 15. Kh1 Rad8 16. Qf2 Nf6 17. Nfd2 Nxe4 18. Nxe4 Rf8 19. Ng3 Qb4 20. Ra4 Qc3 21. Ne4 Qb2 22. Rfa1 Nb4 23. Qd2 Nxc2 24. R4a2 Bxc4 25. Rxb2 Bxd3 26. Rxc2 Bxe4 27. Qc3 Bxc2 28. Qxc2 Rd7 29. h3 Rfd8 30. Qe4 f6 31. Qxb7 Kh8 32. Qxa6 Rd3 33. Qc4 Rxe3 34. a6 Rd2 35. a7 Kh7 36. a8=Q Ree2 37. Qae4+ Rxe4 38. Qxe4+ 1-0


[Site "https://www.chess.com"]

[Event "Titled Tuesday Blitz August 15 Early 2023"]
[White "Le, Tuan Minh"]
[Black "Srihari L R"]
[WhiteFideId "12401153"]
[BlackFideId "46617116"]
[WhiteElo "2990"]
[BlackElo "2769"]
[Result "1-0"]
[Round "4"]
[TimeControl "180+1"]
[Date "2023.08.15"]
[WhiteClock "0:00:12"]
[BlackClock "0:00:01"]
[Board "16"]

1. d4 Nf6 2. Nf3 e6 3. c4 Bb4+ 4. Nbd2 b6 5. a3 Bxd2+ 6. Qxd2 Bb7 7. e3 d6 8. b4 Ne4 9. Qc2 a5 10. Bb2 axb4 11. axb4 Rxa1+ 12. Bxa1 Na6 13. Qb3 Qa8 14. Bb2 c5 15. bxc5 bxc5 16. Be2 O-O 17. O-O Rb8 18. Ra1 Bc6 19. Qc2 Qb7 20. Bc3 Nb4 21. Qb2 Nxc3 22. Qxc3 h6 23. h3 Be4 24. dxc5 dxc5 25. Ra5 Qc7 26. Rb5 Ra8 27. Nd2 Bg6 28. Bf1 Ra2 29. Nb3 Rc2 30. Qe1 Bd3 31. Rxc5 Qb7 32. Rb5 Qd7 33. Nc5 Qd6 34. Nxd3 Nxd3 35. Qd1 Rc3 36. c5 Qa6 37. Bxd3 g6 38. Rb8+ 1-0


[Site "https://www.chess.com"]

[Event "Titled Tuesday Blitz August 15 Early 2023"]
[White "Elsa167"]
[Black "Materia, Marco"]
[BlackFideId "45150451"]
[WhiteElo "2969"]
[BlackElo "2769"]
[Result "0-1"]
[Round "4"]
[TimeControl "180+1"]
[Date "2023.08.15"]
[WhiteClock "0:00:00"]
[BlackClock "0:00:33"]
[Board "17"]

1. d4 Nf6 2. c4 e6 3. g3 d5 4. Bg2 Be7 5. Nf3 O-O 6. Nc3 c6 7. O-O Nbd7 8. Qd3 b6 9. e4 dxe4 10. Nxe4 Nxe4 11. Qxe4 Bb7 12. Rd1 Nf6 13. Qe2 Qc8 14. b3 Rd8 15. Bb2 Qc7 16. Ne5 c5 17. dxc5 Bxc5 18. Ng4 Nxg4 19. Qxg4 Bf8 20. h4 Bxg2 21. Kxg2 Rxd1 22. Rxd1 Rd8 23. Rxd8 Qxd8 24. Qd4 Qa8+ 25. Kg1 h6 26. Bc3 Qf3 27. Qd2 Bc5 28. Bd4 Bxd4 29. Qxd4 Qe2 30. a4 Qc2 31. Qe3 e5 32. a5 bxa5 33. Qxa7 Qd1+ 34. Kh2 Qxb3 35. c5 Qc2 36. Kg2 Qe4+ 37. Kg1 Qe1+ 38. Kg2 Qe4+ 39. Kg1 a4 40. Qa5 Kh7 41. Qc3 Qc6 42. Qxe5 a3 43. Qf5+ Qg6 44. Qd5 Qb1+ 45. Kg2 a2 0-1


[Site "https://www.chess.com"]

[Event "Titled Tuesday Blitz August 15 Early 2023"]
[White "Hakobyan, Aram"]
[Black "Volkov, Maksim"]
[WhiteFideId "13306677"]
[BlackFideId "54123070"]
[WhiteElo "2964"]
[BlackElo "2740"]
[Result "0-1"]
[Round "4"]
[TimeControl "180+1"]
[Date "2023.08.15"]
[WhiteClock "0:00:00"]
[BlackClock "0:00:19"]
[Board "18"]

1. d4 Nf6 2. c4 e6 3. Nc3 d5 4. cxd5 exd5 5. a3 c6 6. Bf4 Bf5 7. e3 Be7 8. Nge2 Nh5 9. Be5 Nd7 10. h3 Bg6 11. Bh2 O-O 12. Nf4 Nxf4 13. Bxf4 Re8 14. Bd3 Bxd3 15. Qxd3 Nf6 16. O-O h6 17. Rab1 Bd6 18. Bxd6 Qxd6 19. b4 a6 20. a4 Nd7 21. b5 cxb5 22. axb5 a5 23. Rfc1 Nb6 24. Ra1 Rec8 25. Ne2 Rxc1+ 26. Nxc1 a4 27. Qb1 Nc4 28. Nd3 a3 29. Qb3 Qb6 30. Ne5 Nxe5 31. dxe5 Qc5 32. Ra2 b6 33. g3 Ra5 34. Kg2 g6 35. h4 h5 36. Kh2 Kg7 37. Kg2 d4 38. exd4 Qxd4 39. Rxa3 Rxa3 40. Qxa3 Qxe5 41. Qd3 Qc5 42. Qd7 Kf8 43. Kf3 Qc3+ 44. Kg2 Qc5 45. Kf3 Qc3+ 46. Ke2 Qc2+ 47. Ke3 Qc3+ 48. Qd3 Qc5+ 49. Kf3 Ke7 50. Qe4+ Kf6 51. Qe8 Qd5+ 52. Ke3 Qe5+ 53. Qxe5+ Kxe5 54. f4+ Kd5 55. f5 Kc5 56. Ke4 Kxb5 57. Ke5 Kc6 58. Kf6 b5 59. fxg6 fxg6 0-1


[Site "https://www.chess.com"]

[Event "Titled Tuesday Blitz August 15 Early 2023"]
[White "Makarian, Rudik"]
[Black "Alex_Sahakyan2006"]
[WhiteFideId "44105681"]
[WhiteElo "2961"]
[BlackElo "2714"]
[Result "1-0"]
[Round "4"]
[TimeControl "180+1"]
[Date "2023.08.15"]
[WhiteClock "0:00:23"]
[BlackClock "0:00:12"]
[Board "19"]

1. d4 Nf6 2. c4 c5 3. d5 b5 4. cxb5 a6 5. e3 g6 6. Nc3 Bg7 7. a4 O-O 8. Nf3 d6 9. h3 e6 10. dxe6 Bxe6 11. Be2 d5 12. O-O h6 13. Ra3 axb5 14. Bxb5 Na6 15. Ne2 g5 16. Bd2 Ne4 17. Nc3 Nxd2 18. Qxd2 Nb4 19. Rd1 Qc7 20. Na2 Nxa2 21. Rxa2 Rfb8 22. Raa1 Qa5 23. Rac1 Qb6 24. b4 c4 25. Nd4 Rc8 26. Qe2 Qd6 27. e4 Qxb4 28. Nxe6 fxe6 29. Bd7 Rf8 30. Bxe6+ Kh8 31. Bxd5 Rae8 32. Rxc4 Qb6 33. Rc6 Qa7 34. Rc4 Be5 35. Rf1 Kg7 36. Rb4 Re7 37. Rfb1 Bg3 38. Rb7 Qxf2+ 39. Qxf2 Bxf2+ 40. Kh2 Rxb7 41. Rxb7+ Kf6 42. a5 h5 43. a6 h4 44. a7 Rc8 45. Rf7+ Ke5 46. Rxf2 1-0


[Site "https://www.chess.com"]

[Event "Titled Tuesday Blitz August 15 Early 2023"]
[White "Shtembuliak, Evgeny"]
[Black "Gubajdullin, Alexei"]
[WhiteFideId "14113325"]
[BlackFideId "4141202"]
[WhiteElo "2957"]
[BlackElo "2698"]
[Result "0-1"]
[Round "4"]
[TimeControl "180+1"]
[Date "2023.08.15"]
[WhiteClock "0:00:01"]
[BlackClock "0:00:15"]
[Board "20"]

1. c4 g6 2. d4 Bg7 3. e4 d6 4. Nc3 Nf6 5. Nge2 O-O 6. Ng3 Nc6 7. d5 Nb4 8. a3 Na6 9. Qc2 c6 10. Be2 cxd5 11. exd5 e6 12. O-O exd5 13. cxd5 Bd7 14. Bf4 Qb6 15. Be3 Qd8 16. Rac1 h5 17. Nce4 h4 18. Nxf6+ Qxf6 19. Ne4 Qe5 20. Nc3 h3 21. g3 Rac8 22. Rfe1 Nc5 23. Bf1 Qh5 24. Bf4 Bf5 25. Qd1 Bg4 26. Qc2 Rfd8 27. b4 Nd7 28. Qd2 Ne5 29. Bxe5 Bxe5 30. Ne4 Bf3 31. Ng5 Rxc1 32. Rxc1 Bxd5 33. Qxd5 Qxg5 34. Rd1 Qf5 35. Qxb7 Rc8 36. Bd3 Qg4 37. Be2 Qxe2 38. Qxc8+ Kg7 39. Rd3 Qe1# 0-1


[Site "https://www.chess.com"]

[Event "Titled Tuesday Blitz August 15 Early 2023"]
[White "Terry, Renato"]
[Black "Kushko, Dmitriy"]
[WhiteFideId "3803457"]
[BlackFideId "14162261"]
[WhiteElo "2929"]
[BlackElo "2690"]
[Result "1-0"]
[Round "4"]
[TimeControl "180+1"]
[Date "2023.08.15"]
[WhiteClock "0:01:25"]
[BlackClock "0:01:03"]
[Board "21"]

1. d4 g6 2. Nf3 Bg7 3. c3 Nf6 4. Bg5 h6 5. Bh4 O-O 6. Nbd2 d6 7. e4 Nc6 8. Bb5 Bd7 9. O-O a6 10. Ba4 b5 11. Bb3 g5 12. Bg3 Nh5 13. Re1 e6 14. Nf1 Na5 15. Bc2 f5 16. exf5 exf5 17. N3d2 Nf6 18. f4 Nd5 19. Qf3 c6 20. Ne3 g4 21. Qf2 Nxe3 22. Rxe3 d5 23. h3 Nb7 24. Bh4 Bf6 25. Bxf6 Qxf6 26. Rae1 Nd6 27. Re5 Nf7 28. Re7 Rad8 29. Nb3 Rfe8 30. Rxd7 1-0


[Site "https://www.chess.com"]

[Event "Titled Tuesday Blitz August 15 Early 2023"]
[White "Di Nicolantonio, Lucas"]
[Black "Kovalenko, Igor"]
[WhiteFideId "680460"]
[BlackFideId "14117908"]
[WhiteElo "2589"]
[BlackElo "2929"]
[Result "0-1"]
[Round "4"]
[TimeControl "180+1"]
[Date "2023.08.15"]
[WhiteClock "0:00:00"]
[BlackClock "0:00:45"]
[Board "22"]

1. Nf3 d5 2. e3 g6 3. c4 e6 4. d4 Bg7 5. Be2 Ne7 6. O-O O-O 7. Nc3 b6 8. e4 dxe4 9. Nxe4 Nbc6 10. Bg5 f6 11. Be3 f5 12. Nc3 f4 13. Bc1 Nxd4 14. Nxd4 Qxd4 15. Bf3 Qxd1 16. Rxd1 Rb8 17. Nb5 Ba6 18. Bd2 Bxb2 19. Rab1 Bxb5 20. cxb5 Bg7 21. Bb4 Rf7 22. Rd7 Nf5 23. Rbd1 Be5 24. Rxf7 Kxf7 25. Rd7+ Kf6 26. g3 h5 27. Bc6 fxg3 28. hxg3 g5 29. Kg2 Rh8 30. a4 g4 31. a5 h4 32. gxh4 Nxh4+ 33. Kf1 Nf3 34. Be4 Rh1+ 35. Ke2 Bd6 36. Bxd6 Re1+ 37. Kd3 cxd6 38. Bxf3 gxf3 39. a6 Re2 40. Rxa7 Rxf2 41. Ra8 Ke5 42. Ke3 Rf1 43. Rf8 Re1+ 44. Kd2 Ra1 45. Rxf3 d5 46. Rc3 Kd4 47. Rc6 Ra2+ 48. Kc1 e5 49. Rxb6 e4 50. Re6 Kc3 51. Kb1 Rb2+ 52. Kc1 Rxb5 0-1


[Site "https://www.chess.com"]

[Event "Titled Tuesday Blitz August 15 Early 2023"]
[White "Drygalov, Andrey"]
[Black "MaryanKyrychenko"]
[WhiteFideId "24171735"]
[WhiteElo "2927"]
[BlackElo "2563"]
[Result "1-0"]
[Round "4"]
[TimeControl "180+1"]
[Date "2023.08.15"]
[WhiteClock "0:01:51"]
[BlackClock "0:01:02"]
[Board "23"]

1. e4 c5 2. Nf3 d6 3. Bb5+ Nd7 4. O-O g6 5. Re1 Bg7 6. c3 Nf6 7. d4 O-O 8. h3 a6 9. Bd3 b5 10. e5 dxe5 11. dxe5 Ne8 12. Be4 Rb8 13. Bf4 e6 14. Nbd2 Bb7 15. Bxb7 Rxb7 16. Ne4 Nc7 17. Bg5 Qa8 18. Qxd7 Nd5 19. Qd6 Rc8 20. Nf6+ Kh8 21. Nxd5 exd5 22. Qxd5 Qa7 23. Rad1 h6 1-0


[Site "https://www.chess.com"]

[Event "Titled Tuesday Blitz August 15 Early 2023"]
[White "Kashefi, Amir Hosein"]
[Black "Perez Ponsa, Federico"]
[WhiteFideId "12557935"]
[BlackFideId "117927"]
[WhiteElo "2489"]
[BlackElo "2925"]
[Result "1-0"]
[Round "4"]
[TimeControl "180+1"]
[Date "2023.08.15"]
[WhiteClock "0:00:09"]
[BlackClock "0:00:03"]
[Board "24"]

1. d4 Nf6 2. Nf3 g6 3. g3 Bg7 4. Bg2 O-O 5. O-O d6 6. b3 e5 7. dxe5 dxe5 8. Bb2 e4 9. Ng5 Qe7 10. Nc3 Bf5 11. h4 Rd8 12. Qc1 Nc6 13. Nd1 Nd4 14. Bxd4 Rxd4 15. c3 Rd6 16. Ne3 Rad8 17. Qa3 a6 18. Rad1 Bc8 19. Rxd6 Rxd6 20. Nc4 Rd7 21. Qxe7 Rxe7 22. Rd1 Re8 23. Nxe4 Nxe4 24. Bxe4 Rxe4 25. Rd8+ Bf8 26. Rxc8 b5 27. Ne3 c5 28. Kf1 Kg7 29. c4 Rd4 30. Ke1 Be7 31. Nd5 Bd6 32. Rc6 Bf8 33. e3 Re4 34. f3 Re8 35. Rxa6 bxc4 36. bxc4 Rb8 37. Rb6 Ra8 38. Rb2 Ra4 39. Rc2 Bd6 40. Kf2 h6 41. e4 Be5 42. Ke2 Ra3 43. Kf2 Bd4+ 44. Kg2 Be5 45. f4 Bd4 46. e5 g5 47. hxg5 hxg5 48. Re2 gxf4 49. gxf4 Kg6 50. Ne7+ Kh5 51. f5 Kg4 52. Re4+ Kg5 53. e6 fxe6 54. fxe6 Rxa2+ 55. Kf1 Ra8 56. Nd5 Kf5 57. Re1 Re8 58. e7 Bf6 59. Kg2 Bh4 60. Re2 Kg6 61. Kh3 Bg5 62. Kg4 Bf6 63. Re6 Kg7 64. Rxf6 Rxe7 65. Nxe7 Kxf6 66. Nc6 Ke6 67. Kf4 Kd6 68. Na5 1-0


[Site "https://www.chess.com"]

[Event "Titled Tuesday Blitz August 15 Early 2023"]
[White "Cherniaiev, Tykhon"]
[Black "Vachier-Lagrave, Maxime"]
[WhiteFideId "14182360"]
[BlackFideId "623539"]
[WhiteElo "2786"]
[BlackElo "3133"]
[Result "1/2-1/2"]
[Round "4"]
[TimeControl "180+1"]
[Date "2023.08.15"]
[WhiteClock "0:00:06"]
[BlackClock "0:00:13"]
[Board "26"]

1. Nf3 d5 2. d4 e6 3. c4 Nf6 4. Nc3 Nbd7 5. Bg5 h6 6. Bh4 dxc4 7. e3 Nb6 8. Nd2 c5 9. Nxc4 cxd4 10. exd4 Be7 11. Nxb6 Qxb6 12. Bb5+ Bd7 13. Bxf6 Bxb5 14. Bxe7 Kxe7 15. Qb3 Ba6 16. Qxb6 axb6 17. d5 Rad8 18. O-O-O Bc4 19. dxe6 Bxe6 20. Rhe1 Rxd1+ 21. Rxd1 Rc8 22. a3 Rc5 23. Rd4 Rf5 24. f3 Rg5 25. g4 h5 26. h3 hxg4 27. hxg4 b5 28. Kd2 Bd7 29. Nd5+ Kf8 30. Nb4 Ke8 31. Ke3 Rc5 32. Kd2 Be6 33. Nd3 Rc8 34. Ke3 Ke7 35. a4 bxa4 36. Rxa4 g5 37. Rb4 Bd5 38. Rb5 Kd6 39. Rb6+ Bc6 40. Rb4 Rh8 41. Rd4+ Ke6 42. Nc5+ Ke7 43. Rb4 Rh3 44. Ne4 f6 45. Nd2 Ke6 46. Rd4 Rh1 47. Rd8 Rc1 48. Rd3 Rc2 49. b3 Bd5 50. Kd4 Bc6 51. Ne4 Rc1 52. Re3 Kf7 53. Nd6+ Kf8 54. Re6 Rd1+ 55. Kc5 Rd5+ 56. Kb6 Kg7 57. Nf5+ Kf7 58. Re7+ Kf8 59. Re6 Rb5+ 60. Kc7 Kf7 61. Re7+ Kf8 62. Re6 Kf7 63. Rxc6 Rxb3 64. Rd6 Rxf3 65. Rd7+ Kf8 66. Kd6 Rd3+ 67. Ke6 Rxd7 68. Kxd7 b5 69. Ke6 b4 70. Nd4 Kg7 71. Kf5 Kf7 72. Nb3 Ke7 73. Na5 Kf7 74. Nc4 Ke7 75. Nd2 Kf7 76. Nb3 Ke7 77. Ke4 Ke6 78. Nd4+ Kd6 79. Kf5 Kd5 80. Nb3 Kc4 81. Na5+ Kb5 82. Nb3 Kc4 83. Na5+ Kb5 84. Nb3 Kc4 1/2-1/2


[Site "https://www.chess.com"]

[Event "Titled Tuesday Blitz August 15 Early 2023"]
[White "Gan-Od, Sereenen"]
[Black "Fedoseev, Vladimir"]
[WhiteFideId "4901304"]
[BlackFideId "24130737"]
[WhiteElo "2774"]
[BlackElo "3101"]
[Result "0-1"]
[Round "4"]
[TimeControl "180+1"]
[Date "2023.08.15"]
[WhiteClock "0:00:04"]
[BlackClock "0:00:19"]
[Board "27"]

1. d4 Nf6 2. Nf3 g6 3. b3 Bg7 4. Bb2 O-O 5. c4 c5 6. e3 d5 7. dxc5 Qa5+ 8. Qd2 Qxc5 9. Nc3 dxc4 10. Bxc4 Nc6 11. O-O Rd8 12. Qe2 Bg4 13. Rad1 Qh5 14. h3 Bxf3 15. Qxf3 Qxf3 16. gxf3 a6 17. Kg2 Nd7 18. Ba1 Rac8 19. Nd5 Bxa1 20. Rxa1 Nde5 21. Nb6 Rc7 22. Rad1 e6 23. f4 Nd7 24. Nxd7 Rcxd7 25. Rxd7 Rxd7 26. Rc1 Ne7 27. Rc2 Kf8 28. b4 Rc7 29. Bb3 Rxc2 30. Bxc2 Nd5 31. a3 Ke7 32. Kf3 Kd6 33. Ke4 b6 34. Kd4 f6 35. Bd3 Nc7 36. Bc4 h6 37. Bd3 f5 38. Be2 b5 39. Bf3 g5 40. Bb7 g4 41. h4 h5 42. Bg2 Ne8 43. Bb7 Kc7 44. Bxa6 Nd6 45. Ke5 Kd7 46. Kf6 Ne4+ 47. Kg6 Kc6 48. Bc8 Nxf2 49. Bxe6 g3 50. Bxf5 g2 51. Kxh5 g1=Q 52. Be4+ Nxe4 0-1


[Site "https://www.chess.com"]

[Event "Titled Tuesday Blitz August 15 Early 2023"]
[White "Yanchenko, Roman"]
[Black "Paravyan, David"]
[WhiteFideId "4137329"]
[BlackFideId "4194985"]
[WhiteElo "2772"]
[BlackElo "3004"]
[Result "1/2-1/2"]
[Round "4"]
[TimeControl "180+1"]
[Date "2023.08.15"]
[WhiteClock "0:01:07"]
[BlackClock "0:01:54"]
[Board "28"]

1. d4 d5 2. Nf3 Nf6 3. Bf4 e6 4. e3 Bd6 5. Bg3 O-O 6. c4 b6 7. Nc3 Bb7 8. Be2 dxc4 9. Bxc4 Nbd7 10. O-O Bxg3 11. hxg3 c5 12. d5 exd5 13. Nxd5 Nxd5 14. Bxd5 Bxd5 15. Qxd5 Nf6 16. Qxd8 Rfxd8 17. Rfd1 Ne4 18. Kf1 f6 19. Ke2 Kf7 20. Nd2 Nxd2 21. Rxd2 Rxd2+ 22. Kxd2 Rd8+ 23. Ke2 h5 24. Rh1 g6 25. g4 hxg4 26. Rh7+ Ke6 27. Rxa7 f5 28. Rb7 Rd6 29. f3 gxf3+ 30. gxf3 g5 31. a4 Kf6 32. b3 g4 33. Rh7 gxf3+ 34. Kxf3 Ke5 35. Re7+ Kf6 36. Rc7 Ke5 37. a5 bxa5 38. Rxc5+ Rd5 39. Rxd5+ Kxd5 40. Kf4 Ke6 1/2-1/2


[Site "https://www.chess.com"]

[Event "Titled Tuesday Blitz August 15 Early 2023"]
[White "Bersamina, Paulo"]
[Black "Andreikin, Dmitry"]
[WhiteFideId "5206995"]
[BlackFideId "4158814"]
[WhiteElo "2733"]
[BlackElo "3002"]
[Result "1-0"]
[Round "4"]
[TimeControl "180+1"]
[Date "2023.08.15"]
[WhiteClock "0:00:05"]
[BlackClock "0:00:00"]
[Board "29"]

1. e4 c5 2. Nc3 a6 3. g3 b5 4. Bg2 Bb7 5. Nh3 g6 6. O-O Bg7 7. f4 d6 8. f5 Nc6 9. d3 Ne5 10. Nf4 Nf6 11. h3 b4 12. Nb1 Qd7 13. a3 gxf5 14. exf5 Bxg2 15. Nxg2 b3 16. cxb3 Rb8 17. Nc3 Qb7 18. Bf4 Nfd7 19. b4 cxb4 20. Ne4 bxa3 21. Rxa3 Qxb2 22. Rxa6 Qd4+ 23. Nf2 Nc5 24. Ra3 O-O 25. Kh1 Rb2 26. Be3 Qd5 27. d4 Nc4 28. dxc5 Qxd1 29. Nxd1 Rxg2 30. Kxg2 Nxa3 31. cxd6 exd6 32. f6 Bh8 33. Bh6 Re8 34. Rf4 Bxf6 35. Rxf6 Re6 36. Rxe6 fxe6 37. Ne3 Kf7 38. Ng4 e5 39. Bc1 Nc4 40. Kf3 d5 41. Ne3 Nb6 42. Bb2 Ke6 43. Ba3 d4 44. Ng4 Nc4 45. Bc1 h5 46. Nf2 Kd5 47. Ne4 Nb6 48. Nf6+ Kc4 49. Nxh5 Kd3 50. Nf6 Kc2 51. Bg5 d3 52. h4 Nc4 53. h5 d2 54. Bxd2 Nxd2+ 55. Kg4 e4 56. Nd5 Nc4 57. h6 e3 58. Nxe3+ Nxe3+ 59. Kg5 Nf1 60. h7 Nxg3 61. h8=Q Ne4+ 62. Kf4 Nc3 63. Qc8 Kd3 64. Qd7+ Kc4 65. Ke5 Nb5 66. Qc6+ Kb4 67. Kd5 Nc3+ 68. Kd4 Nb5+ 69. Kd3 Na3 70. Qb6+ Nb5 71. Qc6 Na3 72. Qc3+ Ka4 73. Qb2 Nb5 74. Kc4 Nd6+ 75. Kc5 Ne4+ 76. Kd4 Nd6 77. Kd5 Nb5 78. Kc5 1-0


[Site "https://www.chess.com"]

[Event "Titled Tuesday Blitz August 15 Early 2023"]
[White "Hoang, Thi Bao Tram"]
[Black "gmbenjaminbok"]
[WhiteFideId "12401102"]
[WhiteElo "2658"]
[BlackElo "2956"]
[Result "1-0"]
[Round "4"]
[TimeControl "180+1"]
[Date "2023.08.15"]
[WhiteClock "0:00:10"]
[BlackClock "0:00:04"]
[Board "30"]

1. Nf3 d5 2. g3 c6 3. Bg2 Bg4 4. O-O Nd7 5. h3 Bh5 6. c4 Bxf3 7. Bxf3 Ne5 8. c5 Nxf3+ 9. exf3 e6 10. d4 Ne7 11. Bf4 Nf5 12. Nc3 Be7 13. Qd3 Bf6 14. Ne2 Qa5 15. Rfd1 O-O 16. a3 b6 17. b4 Qa4 18. g4 Nh4 19. Bd6 Rfc8 20. Kh2 bxc5 21. bxc5 Qa5 22. f4 Bd8 23. Qg3 Ng6 24. f5 exf5 25. gxf5 Ne7 26. Qg4 Qa6 27. Ng3 Kh8 28. Nh5 g6 29. Be5+ Kg8 30. Nf6+ Kf8 31. Nxh7+ Ke8 32. Nf6+ Kf8 33. Qh4 Ng8 34. Qh8 Bxf6 35. Bxf6 Qe2 36. Qg7+ Ke8 37. Re1 Nxf6 38. Rxe2+ Ne4 39. f3 Kd7 40. fxe4 Kc7 41. exd5 cxd5 42. Qxf7+ Kc6 43. Rb1 Re8 44. Rxe8 Rxe8 45. Qxe8+ Kc7 46. Qe7+ Kc6 47. Qd6# 1-0


[Site "https://www.chess.com"]

[Event "Titled Tuesday Blitz August 15 Early 2023"]
[White "Pert, Richard G"]
[Black "Chigaev, Maksim"]
[WhiteFideId "404748"]
[BlackFideId "4108116"]
[WhiteElo "2603"]
[BlackElo "2944"]
[Result "0-1"]
[Round "4"]
[TimeControl "180+1"]
[Date "2023.08.15"]
[WhiteClock "0:00:00"]
[BlackClock "0:00:11"]
[Board "31"]

1. d4 Nf6 2. Bg5 d5 3. e3 c5 4. Bxf6 gxf6 5. dxc5 Nc6 6. Bb5 e5 7. Nc3 Be6 8. Qf3 a6 9. Ba4 e4 10. Qh5 Bxc5 11. O-O-O Qa5 12. Bb3 O-O-O 13. Nxd5 Nb4 14. Kb1 Bxd5 15. Rxd5 Nxd5 16. Ne2 Bxe3 17. Qh3+ Kb8 18. fxe3 Qd2 19. Nd4 Nxe3 20. c3 Qxg2 21. Qg3+ Qxg3 22. hxg3 h5 23. Re1 Rxd4 24. cxd4 Nf5 25. Rxe4 Nxg3 26. Rh4 Nf5 27. Rf4 Ne3 28. Rxf6 h4 29. Rf3 Ng2 30. Rh3 Nf4 31. Rh2 f6 32. Bd1 h3 33. Kc1 Rh4 34. Kd2 Kc7 35. Ke3 Kd6 36. Bf3 Nd5+ 37. Kd3 Nb4+ 38. Ke3 Nxa2 39. Be4 b6 40. Bf5 Rh5 41. Bg4 Rg5 42. Kf4 Nb4 43. Rxh3 Nd5+ 44. Kf3 f5 45. Rh6+ Ke7 46. Bh5 Nf6 47. Bg6 Ke6 48. Kf4 Rg4+ 49. Kf3 Rxd4 50. Bh7 Rd3+ 51. Ke2 Rd8 52. Bg6 Ke5 53. Bh5 Nxh5 54. Rxh5 Rd4 55. Rh6 Rb4 56. Kd3 Rxb2 57. Rc6 Rb5 58. Rc7 a5 59. Re7+ Kf4 60. Re1 Rb4 61. Rf1+ Kg5 62. Kc3 f4 0-1


[Site "https://www.chess.com"]

[Event "Titled Tuesday Blitz August 15 Early 2023"]
[White "crazy_m_attack"]
[Black "Kamsky, Gata"]
[BlackFideId "2000024"]
[WhiteElo "2300"]
[BlackElo "2925"]
[Result "0-1"]
[Round "4"]
[TimeControl "180+1"]
[Date "2023.08.15"]
[WhiteClock "0:00:00"]
[BlackClock "0:00:20"]
[Board "32"]

1. e4 c5 2. Nf3 e6 3. d4 cxd4 4. Nxd4 a6 5. Nc3 b5 6. Bd3 Qb6 7. Be3 Bc5 8. Nce2 Nc6 9. c3 Nxd4 10. cxd4 Bb4+ 11. Kf1 Bb7 12. Qb3 Be7 13. a4 Nf6 14. Ng3 O-O 15. h3 Rfc8 16. Kg1 b4 17. Kh2 a5 18. Rac1 Qd8 19. Bb1 d6 20. Qd3 g6 21. b3 Ba6 22. Rxc8 Qxc8 23. Qd2 Qd8 24. Rc1 Rc8 25. Bg5 Ng4+ 26. hxg4 Bxg5 27. Rxc8 Bxc8 28. Qc2 e5 29. dxe5 dxe5 30. Qe2 Be6 31. Bc2 Bf4 32. Qf3 Qh4+ 33. Kg1 Bxg4 34. Qd3 Be6 35. Nf1 Qe7 36. Qb5 Qc7 37. Bd1 h5 38. Qe8+ Kg7 39. Qb5 h4 40. Qd3 Qc3 41. Qxc3 bxc3 42. Bc2 f5 43. f3 Kf6 44. Kf2 fxe4 45. fxe4 g5 46. Ne3 Bxe3+ 47. Kxe3 g4 48. Bd1 Kg5 49. Kd3 Kf4 50. Kxc3 h3 51. gxh3 gxh3 0-1


[Site "https://www.chess.com"]